 Dungeon Crawl Stone Soup version 0.30-a0-23-ge60ba3568b (webtiles) character file.

Game seed: 17253232034772225552

11 ponyjar the Sneak (level 2, 0/19 HPs)
             Began as an Octopode Brigand on Aug 25, 2022.
             Killed from afar by a dart slug (4 damage)
             ... with a slug dart
             ... on level 1 of the Dungeon.
             The game lasted 00:00:27 (217 turns).

ponyjar the Sneak (Octopode Brigand)                 Turns: 217, Time: 00:00:27

Health: 0/19       AC:  1    Str:  9    XL:     2   Next: 29%
Magic:  2/2        EV: 12    Int: 17    God:
Gold:   23         SH:  0    Dex: 12    Spells: 1/1 levels left

rFire   . . .      SeeInvis .    a - +2 dagger
rCold   . . .      Faith    .    (no shield)
rNeg    . . .      Spirit   .    (helmet restricted)
rPois   .          Reflect  .    (no amulet)
rElec   .          Harm     .    (no ring)
rCorr   .          Rampage  .    (no ring)
Will    .....                    (no ring)
Stlth   ++++......               (no ring)
HPRegen 0.06/turn                (no ring)
MPRegen 0.08/turn                (no ring)
                                 (no ring)
                                 (no ring)

@: unable to read
A: almost no armour, amphibious, 8 rings, camouflage 1, gelatinous body 1,
(nimble swimmer 1), tentacles, tentacle spike 1, clever 1, inability to read
after injury 1
a: no special abilities


You were on level 1 of the Dungeon.
You visited 1 branch of the dungeon, and saw 1 of its levels.

You collected 23 gold pieces.

Inventory:

Hand Weapons
 a - a +2 dagger (weapon)
Missiles
 b - 9 poisoned darts (quivered)
 c - 3 curare-tipped darts


   Skills:
 - Level 2.0 Fighting
 * Level 2.9 Short Blades
 - Level 2.0 Throwing
 - Level 1.0 Dodging
 - Level 5.3 Stealth


You had one spell level left.
You didn't know any spells.
Your spell library was empty.

Dungeon Overview and Level Annotations

Branches:
Dungeon (1/15)

Altars:


Innate Abilities, Weirdness & Mutations

You cannot wear most types of armour.
You are amphibious.
You can wear up to eight rings at the same time.
Your skin changes colour to match your surroundings (Stealth+).
Your rubbery body absorbs attacks. (AC +1, EV +1)
((You are camouflaged when in or above water. (Stealth+)))
You have tentacles for arms and can constrict up to eight enemies at once.
One of your tentacles bears a spike.
Your mind is acute. (Int +4, Str/Dex -1)
You occasionally lose the ability to read scrolls when taking damage.


Message History

You closely miss the goblin.
The endoplasm quivers.
You grab the goblin. You constrict the goblin.
The goblin hits you with a +0 club.
Unknown command.
It was a potion of mutation.
You feel extremely strange.
You occasionally lose the ability to read scrolls when taking damage.
One of your lower tentacles grows a sharp spike.
You feel clever.
You constrict the goblin. The quokka closely misses you.
The goblin hits you with a +0 club. The dart slug bites you.
The quokka bites you.
You aren't carrying any scrolls.
Unknown command.
Sorry, you're not good enough to have a special ability.
Unknown command.
Unknown command.
There are monsters nearby!
There are monsters nearby!
Unknown command.
Unknown command.
There are monsters nearby!
Unknown command.
You hit the dart slug. You grab the dart slug.
You pierce the dart slug, but do no damage.
You squeeze the dart slug, but do no damage.
The dart slug is severely wounded.
You constrict the dart slug, but do no damage.
You constrict the goblin. The goblin hits you but does no damage.
The quokka barely misses you. The endoplasm hits you.
You feel threatened and lose the ability to read scrolls!
* * * LOW HITPOINT WARNING * * *
Unknown command.
You hit the endoplasm.
You pierce the endoplasm.
You kill the endoplasm!
You constrict the dart slug. You constrict the goblin.
You kill the goblin!
The dart slug launches a dart at you. The slug dart hits you.
You die...

#...........#
#...........#
#...........#
#...........#
#########†..........#
#(.(................#
#............########
#...w.:......#
#..r)@.......#
#...r.r......#
#............#
#............#
#............#
#............#
#............#
#............#


You could see a dart slug, a quokka and 2 rats.

Vanquished Creatures
  A dart slug (D:1)
  A bat (D:1)
  3 endoplasms (D:1)
  A quokka (D:1)
  A ball python (D:1)
  2 goblins (D:1)
  A kobold (D:1)
  2 rats (D:1)
12 creatures vanquished.

Notes
Turn   | Place    | Note
-------+----------+-------------------------------------------
     0 | D:1      | ponyjar the Octopode Brigand began the quest for the Orb.
     0 | D:1      | Reached XP level 1. HP: 14/14 MP: 1/1
   114 | D:1      | Reached XP level 2. HP: 19/19 MP: 2/2
   215 | D:1      | Gained mutation: You occasionally lose the ability to read
                  | scrolls when taking damage. [potion of mutation]
   215 | D:1      | Gained mutation: One of your tentacles bears a spike.
                  | [potion of mutation]
   215 | D:1      | Gained mutation: Your mind is acute. (Int +4, Str/Dex -1)
                  | [potion of mutation]
   217 | D:1      | Killed from afar by a dart slug

Illustrated notes

Levels and vault maps discovered:
D:1:      psy_arrival_statuary, layout_basic, minmay_pentomino_v2

Action                   || total
-------------------------++-------
Melee: Dagger            ||    16
       Constrict         ||     5
       Tentacles         ||     4
       Kick              ||     2
  Use: Potion            ||     1
 Stab: Sleeping          ||     4
Armor: Skin              ||     1
Dodge: Dodged            ||     6

Table legend: (Time is in decaauts)
 A = Elapsed time spent in this place.
 B = Non-inter-level travel time spent in this place.
 C = Inter-level travel time spent in this place.
 D = Time resting spent in this place.
 E = Time spent auto-exploring this place.
 F = Levels seen in this place.
 G = Mean time per level.
                   A        B        C        D        E       F      G
               +--------+--------+--------+--------+--------+-----+--------+
         Total |    215 |    215 |      0 |      0 |    153 |   1 |  215.0 |
       Dungeon |    215 |    215 |      0 |      0 |    153 |   1 |  215.0 |
               +--------+--------+--------+--------+--------+-----+--------+

Top non-repeatable levels by time:
     D:1: 215 daAuts
